 Dungeon Crawl Stone Soup version 0.30-a0-652-gcc886f7154 (webtiles) character file.

Game seed: 17041038649029101427

58 Leeroy the Slasher (level 4, -2/26 HPs)
             Began as a Tengu Warper on Jan 17, 2023.
             Slain by a gnoll
             ... wielding a +0 spear
              (9 damage)
             ... on level 2 of the Dungeon.
             The game lasted 00:01:17 (995 turns).

Leeroy the Slasher (Tengu Warper)                    Turns: 995, Time: 00:01:18

Health: -2/26      AC:  3    Str: 11    XL:     4   Next: 1%
Magic:  6/8        EV: 12    Int: 13    God:
Gold:   60         SH:  0    Dex: 16    Spells: 2/7 levels left

rFire   . . .      SeeInvis .    a - +0 falchion
rCold   . . .      Faith    .    (no shield)
rNeg    . . .      Spirit   .    b - +0 leather armour
rPois   .          Reflect  .    (helmet restricted)
rElec   .          Harm     .    (no cloak)
rCorr   .          Rampage  .    (no gloves)
Will    .....                    (boots unavailable)
Stlth   +                        (no amulet)
HPRegen 0.24/turn                (no ring)
MPRegen 0.11/turn                (no ring)

@: on blink cooldown
A: beak, talons 3
a: no special abilities


You were on level 2 of the Dungeon.
You visited 1 branch of the dungeon, and saw 2 of its levels.

You collected 60 gold pieces.

Inventory:

Hand Weapons
 a - a +0 falchion (weapon)
Missiles
 d - 7 boomerangs of dispersal (quivered)
 e - 5 boomerangs
 g - a throwing net
Armour
 b - a +0 leather armour (worn)
 h - a +0 plate armour
Scrolls
 c - a scroll of blinking
 j - a scroll of identify {unknown}
 n - a scroll of teleportation {unknown}
Potions
 f - a potion of might {unknown}
 i - 2 potions of attraction {unknown}
 k - a potion of curing {unknown}
 l - a potion of haste {unknown}
 m - a potion of heal wounds {unknown}


   Skills:
 - Level 2.0 Fighting
 + Level 4.6 Long Blades
 - Level 1.0 Throwing
 - Level 1.1 Armour
 - Level 2.1 Dodging
 - Level 2.0 Spellcasting
 - Level 2.4 Translocations


You had 2 spell levels left.
You knew the following spells:

 Your Spells              Type           Power      Damage    Failure   Level
a - Blink                 Tloc           14%        N/A       19%         2
b - Vhi's Electric Charg  Tloc/Air       8%         N/A       52%         3

Your spell library contained the following spells:

 Spells                   Type           Power      Damage    Failure   Level
 Lesser Beckoning         Tloc           14%        N/A       19%         2
 Teleport Other           Tloc           7%         N/A       36%         3
 Manifold Assault         Tloc           7%         N/A       77%         4
 Freezing Cloud           Conj/Ice/Air   0%         6-21      100%        5
 Simulacrum               Ice/Necr       0%         N/A       100%        6
 Polar Vortex             Ice            0%         N/A       100%        9


Dungeon Overview and Level Annotations

Branches:
Dungeon (2/15)

Altars:


Innate Abilities, Weirdness & Mutations

You have a beak for a mouth.
You have claws for feet.


Message History

The worm is severely wounded.
The worm closely misses you.
You barely miss the worm. Your kick misses the worm. Your peck misses the worm.
The worm is severely wounded.
You barely miss the worm. You claw the worm.
You kill the worm!
You have reached level 4!
You feel agile.
You slash the rat!
You kill the rat!
You see here a worm corpse.
A gnoll comes into view. It is wielding a +0 spear.
A gnoll is nearby!
A gnoll comes into view. It is wielding a +0 halberd.
The gnoll shouts!
You hear a shout! x2
A gnoll comes into view. It is wielding a +0 flail.
A gnoll comes into view. It is wielding a +0 club.
The gnoll shouts!
The gnoll hits you with a +0 spear. The gnoll barely misses you.
You barely miss the gnoll. You claw the gnoll. Your peck misses the gnoll.
The gnoll is lightly wounded.
The gnoll hits you with a +0 spear. The gnoll misses you.
The gnoll hits you with a +0 halberd!
You are too injured to fight recklessly!
You are too injured to fight recklessly!
The gnoll attacks as you move away! The gnoll closely misses you.
The gnoll barely misses you.
The gnoll hits you from afar with a +0 halberd.
* * * LOW HITPOINT WARNING * * *
The gnoll attacks as you move away! The gnoll hits you but does no damage.
You barely miss the gnoll. Your kick misses the gnoll.
Your peck misses the gnoll. The gnoll hits you but does no damage.
You hit the gnoll.
The gnoll is moderately wounded.
The gnoll attacks as you move away! The gnoll hits you with a +0 flail.
* * * LOW HITPOINT WARNING * * *
The gnoll closely misses you.
Cast which spell? (? or * to list)
You blink.
The gnoll hits you with a +0 spear!
You die...

#.###..#
######.###..#####
.....#..........#
#.......§###.#
#####....##.g#
#.# #
#..........gg#
#.#
#.#..##..####.##
#.#
#.#.†##..####g#
#.#
#............@#
#.####
###.#.##.###.##
#....#
#.#.##.#.....#
####.#
#......#.....#
#.#
###.####.....#
#.# #.# #.....#
#.# ####.#
#.....# ##.#
#....# #######
#..# #.#### #.##


You could see 4 gnolls.

Vanquished Creatures
  2 adders (D:2)
  A worm (D:2)
  A dart slug (D:1)
  3 endoplasms (D:1)
  2 giant cockroaches
  A goblin (D:1)
  6 hobgoblins
  A quokka (D:1)
  A ball python (D:1)
  6 bats (D:1)
  2 frilled lizards (D:1)
  4 kobolds
  5 rats
35 creatures vanquished.

Notes
Turn   | Place    | Note
-------+----------+-------------------------------------------
     0 | D:1      | Leeroy the Tengu Warper began the quest for the Orb.
     0 | D:1      | Reached XP level 1. HP: 12/12 MP: 4/4
    50 | D:1      | Reached skill level 3 in Long Blades
    50 | D:1      | Reached XP level 2. HP: 17/17 MP: 6/6
   357 | D:1      | Reached XP level 3. HP: 20/21 MP: 7/7
   768 | D:2      | Reached skill level 4 in Long Blades
   906 | D:2      | Learned a level 2 spell: Blink
   910 | D:2      | Learned a level 3 spell: Vhi's Electric Charge
   955 | D:2      | Reached XP level 4. HP: 26/26 MP: 8/8
   995 | D:2      | Slain by a gnoll

Illustrated notes

Levels and vault maps discovered:
D:1:      minmay_arrival_nine_rooms, layout_loops_ring
D:2:      layout_loops_cross

Skill      XL: |  1  2  3 |
---------------+----------+-----
Long Blades    | 3 4 |  4.6
Fighting       | |  2.0
Throwing       | |  1.0
Armour         | |  1.1
Dodging        | |  2.1
Spellcasting   | |  2.0
Translocations | |  2.4

Action                   |  1- 3 |  4- 6 || total
-------------------------+-------+-------++-------
Melee: Falchion          |    75 |     4 ||    79
       Kick              |    22 |     1 ||    23
       Punch             |     1 |       ||     1
       Peck              |    14 |       ||    14
 Cast: Blink             |       |     1 ||     1
 Stab: Sleeping          |     2 |       ||     2
Armor: Leather armour    |    23 |     2 ||    25
Dodge: Dodged            |    40 |     5 ||    45

Table legend: (Time is in decaauts)
 A = Elapsed time spent in this place.
 B = Non-inter-level travel time spent in this place.
 C = Inter-level travel time spent in this place.
 D = Time resting spent in this place.
 E = Time spent auto-exploring this place.
 F = Levels seen in this place.
 G = Mean time per level.
                   A        B        C        D        E       F      G
               +--------+--------+--------+--------+--------+-----+--------+
         Total |   1005 |    949 |     56 |      0 |    717 |   2 |  502.5 |
       Dungeon |   1005 |    949 |     56 |      0 |    717 |   2 |  502.5 |
               +--------+--------+--------+--------+--------+-----+--------+

Top non-repeatable levels by time:
     D:1: 765 daAuts
     D:2: 239 daAuts
